AoeStats
← theo.bres

Arabia

510057815Analyzed
1v1 RM · 2d ago on Sep 29, 2026· 52m 9s· 2 players
Game mode
Random Map
Map size
Tiny (2 player)
Population
200
Speed
Normal
Resources
Standard
Victory
Conquest
Starting age
Dark Age
Ending age
Imperial Age
RankedLock teamsTeams togetherTeam positionsShared explorationLock speedFull tech treeHidden civsTurbo modeCheats
Victory
Defeat
🇸🇪 Maya · Sweden
1334
+15
🇫🇷 Lithuanians · France
1304
-15
theo.bres
6:59 Loom
9:00 Feudal Age
20:34 Castle Age
19:05 Double-Bit Axe
19:07 Horse Collar
20:06 Gold Mining
21:50 Bloodlines
22:23 Fletching
26:57 Husbandry
29:21 Bow Saw
29:39 Elite Skirmisher
32:48 Ballistics
32:24 Murder Holes
32:47 Town Watch
33:37 Scale Barding Armor
33:33 Padded Archer Armor
34:41 Forging
38:28 Imperial Age
39:24 Leather Archer Armor
39:26 Capped Ram
42:06 Chemistry
42:04 Cavalier
43:08 Heavy Plow
44:00 Wheelbarrow
44:17 Thumb Ring
44:16 Bodkin Arrow
44:58 Iron Casting
46:08 Hand Cart
46:28 Chain Barding Armor
46:39 Ring Archer Armor
46:27 Scale Mail Armor
47:26 Squires
47:12 Arson
46:48 Pikeman
49:49 Plate Barding Armor
49:30 Chain Mail Armor
50:32 Light Cavalry
51:48 Stone Mining
secretkrokodil
0:25 Loom
13:45 Feudal Age
15:24 Horse Collar
18:12 Castle Age
16:13 Double-Bit Axe
17:38 Fletching
19:04 Bow Saw
18:17 Crossbowman
24:27 Wheelbarrow
23:57 Bodkin Arrow
24:29 Town Watch
27:27 Hand Cart
31:11 Imperial Age
29:39 Ballistics
30:27 Thumb Ring
30:37 Town Patrol
30:40 Pikeman
31:47 Squires
31:51 Scale Mail Armor
32:20 Bracer
31:46 Arbalester
34:02 Chemistry
33:10 Gold Mining
36:53 Halberdier
38:15 Scale Mail Armor
38:25 Forging
44:40 Eagle Warrior
45:58 Holcans
45:51 Conscription
45:48 Chain Mail Armor
46:08 Iron Casting
45:40 Elite Eagle Warrior
46:05 Arson
47:36 Plate Mail Armor
47:48 Hoardings
50:26 Blast Furnace
Connection lost

Rejoining the realm…

Still unreachable

The connection could not be restored.

Session expired

The server has moved on; the page needs a fresh start.